 Dungeon Crawl Stone Soup version 0.28.0 (webtiles) character file.

Game seed: 6948244304127197696

113 RighteousDevil the Slasher (level 4, -1/39 HPs)
             Began as a Minotaur Monk on Feb 18, 2022.
             Slain by Robin (7 damage)
             ... on level 2 of the Dungeon.
             The game lasted 00:01:18 (1616 turns).

RighteousDevil the Slasher (Minotaur Monk)          Turns: 1616, Time: 00:01:19

Health: -1/39      AC:  6    Str: 16      XL:     4   Next: 65%
Magic:  3/3        EV: 10    Int:  4 (7)  God:
Gold:   55         SH:  0    Dex: 11 (14) Spells: 3/3 levels left

rFire   . . .      SeeInvis .   a - +0 falchion
rCold   . . .      Faith    .   (no shield)
rNeg    . . .      Spirit   .   h - +0 scale mail
rPois   .          Reflect  .   (helmet restricted)
rElec   .          Harm     .   (no cloak)
rCorr   .          Rampage  .   (no gloves)
Will    .....                   (no boots)
Stlth   ..........              (no amulet)
HPRegen 0.13/turn               (no ring)
MPRegen 0.08/turn               (no ring)

@: no status effects
A: horns 2, retaliatory headbutt
a: no special abilities


You were on level 2 of the Dungeon.
You visited 1 branch of the dungeon, and saw 2 of its levels.

You collected 55 gold pieces.

Inventory:

Hand Weapons
 a - a +0 falchion (weapon)
Armour
 b - a +0 robe
 e - a +0 leather armour
 h - a +0 scale mail (worn)
Wands
 g - a wand of iceblast (1)
Potions
 f - a potion of brilliance {unknown}


   Skills:
 - Level 3.6 Fighting
 + Level 6.6 Long Blades
 - Level 3.2 Dodging
 - Level 1.5 Stealth


You had 3 spell levels left.
You didn't know any spells.
Your spell library contained the following spells:

 Spells                   Type           Power      Damage    Failure   Level
 Magic Dart               Conj           0%         1d3       91%         1
 Blink                    Tloc           0%         N/A       97%         2
 Searing Ray              Conj           0%         2d4       97%         2
 Lesser Beckoning         Tloc           0%         N/A       100%        3
 Fulminant Prism          Conj/Hex       0%         3d6       100%        4
 Manifold Assault         Tloc           0%         N/A       100%        5


Dungeon Overview and Level Annotations

Branches:
Dungeon (2/15)

Altars:

Annotations:
D:2 Natasha, Robin


Innate Abilities, Weirdness & Mutations

You have a pair of horns on your head.
You reflexively headbutt those who attack you in melee.


Message History

You kill the hobgoblin!
Your transformation is almost over.
You feel sick. Robin throws the goblin at you!
You barely miss the goblin.
You feel sick.
The goblin hits you but does no damage. x2
You hit the goblin but do no damage.
You feel sick.
The goblin hits you but does no damage. x2
You closely miss the goblin.
You feel sick.
You are no longer poisoned.
The goblin hits you but does no damage. x2
You hit the goblin.
The goblin is moderately wounded.
The goblin hits you but does no damage. x2
You hit the goblin.
The goblin is heavily wounded.
The goblin hits you but does no damage. x2
You hit the goblin.
You kill the goblin!
The goblin hits you but does no damage.
You closely miss the goblin.
The goblin is heavily wounded.
The goblin hits you but does no damage.
You hit the goblin.
You kill the goblin!
Natasha, Servant of Life and Death comes into view.
You hit the hobgoblin.
The hobgoblin is almost dead.
The hobgoblin hits you but does no damage.
You barely miss the hobgoblin.
The hobgoblin is almost dead.
You feel less wooden.
Your +0 scale mail unmelds from your body.
Robin barely misses you.
Natasha wildly gestures.
Natasha glows brightly for a moment.
The hobgoblin hits you but does no damage.
You barely miss the hobgoblin.
The hobgoblin is almost dead.
Robin hits you from afar with a +3 spear of flaming!
You die...

......= ..g..####
..gg..# #g.#.#
#g.g## ##...##.#
##### ##†....###.
#...######.##......
#..>..h@gg..†......
#...######.##[####.
# ##.## #.# # #.
#... #.# #.. .##.#.
#.# #..# ..#.## #.#
#..# ...## #.# ##.#
#..## #># #..#
#..## #.#######..#
#..##


You could see Robin, Natasha and a hobgoblin.

Vanquished Creatures
  Natasha (twice) (D:2)
  An adder (D:2)
  4 dart slugs
  3 endoplasms (D:2)
  2 giant cockroaches (D:1)
  10 goblins
  3 hobgoblins
  3 jackals (D:1)
  3 kobolds
  2 quokkas (D:2)
  3 ball pythons
  5 bats (D:2)
  A frilled lizard (D:1)
  6 rats
48 creatures vanquished.

Notes
Turn   | Place    | Note
-------+----------+-------------------------------------------
     0 | D:1      | RighteousDevil the Minotaur Monk began the quest for the
                  | Orb.
     0 | D:1      | Reached XP level 1. HP: 19/19 MP: 0/0
   322 | D:1      | Reached skill level 4 in Long Blades
   524 | D:1      | Reached XP level 2. HP: 26/26 MP: 1/1
  1150 | D:2      | Reached skill level 5 in Long Blades
  1150 | D:2      | Reached XP level 3. HP: 31/31 MP: 2/2
  1551 | D:2      | Noticed Natasha
  1560 | D:2      | Noticed Robin
  1563 | D:2      | Killed Natasha
  1564 | D:2      | Reached skill level 6 in Long Blades
  1564 | D:2      | Reached XP level 4. HP: 19/39 MP: 3/3
  1574 | D:2      | Noticed Natasha
  1594 | D:2      | Killed Natasha
  1613 | D:2      | Noticed Natasha
  1616 | D:2      | Slain by Robin

Illustrated notes

Levels and vault maps discovered:
D:1:      minmay_arrival_hallway, layout_basic
D:2:      layout_rooms, uniq_natasha, uniq_jessica, uniq_robin

Skill      XL: |  1  2  3 |
---------------+----------+-----
Long Blades    | 4 5 6 |  6.6
Fighting       | |  3.6
Dodging        | |  3.2
Stealth        | |  1.5

Action                   |  1- 3 |  4- 6 || total
-------------------------+-------+-------++-------
Melee: Falchion          |    83 |    37 ||   120
       Headbutt          |    11 |       ||    11
  Use: Potion            |       |     2 ||     2
 Stab: Sleeping          |     2 |       ||     2
Armor: Leather armour    |    16 |       ||    16
       Scale mail        |     8 |     2 ||    10
       Skin              |       |    28 ||    28
Dodge: Dodged            |    48 |     7 ||    55
